PA
SOUTH BEACH BLAZE @ GALESBURG GUZZLERS
07/19/2032
 
TOP OF THE 1ST
South Beach Blaze batting - Pitching for Galesburg Guzzlers : RHP Bartolo Morales
Pitching: RHP Bartolo Morales
Batting: RHB Barry Chambers 0-0: Called Strike
0-1: Ball
1-1: SINGLE (Line Drive, 6MD)
Batting: LHB Lewis Blankenship 0-0: Ball
1-0: Bunted foul
1-1: Sac Bunt - play at first, batter OUT! 3-4
Barry Chambers to second
Batting: RHB Kenny DeWitt 0-0: Ball
1-0: Foul Ball, location: 2F
1-1: Called Strike
1-2: Foul Ball, location: 2F
1-2: Strikes out looking
Batting: RHB Ryoichi Yoshida 0-0: Foul Ball, location: 2F
0-1: Foul Ball, location: 2F
0-2: Strikes out looking
Top of the 1st over - 0 runs, 1 hit, 0 errors, 1 left on base; South Beach 0 - Galesburg 0
BOTTOM OF THE 1ST
Galesburg Guzzlers batting - Pitching for South Beach Blaze : RHP Tony Sánchez
Pitching: RHP Tony Sánchez
Batting: RHB Don Pokorski 0-0: Foul Ball, location: 2F
0-1: Fly out, F7 (Flyball, 78S)
Batting: SHB Dan Gunther 0-0: SINGLE (Line Drive, 9S)
Batting: RHB Blaze Alexander 0-0: Ball
1-0: Ground out 5-3 (Groundball, 56S)
Dan Gunther to second
Batting: RHB Bastiaan Pieterse 0-0: Ball
1-0: DOUBLE (Line Drive, 7LD)
Dan Gunther scores
Batting: LHB Henk van Aardschot 0-0: Ball
1-0: Ground out U3 (Groundball, 3)
Bottom of the 1st over - 1 run, 2 hits, 0 errors, 1 left on base; South Beach 0 - Galesburg 1
TOP OF THE 2ND
South Beach Blaze batting - Pitching for Galesburg Guzzlers : RHP Bartolo Morales
Batting: RHB Rubén Vásquez 0-0: Foul Ball, location: 2F
0-1: Foul Ball, location: 2F
0-2: Ball
1-2: Strikes out looking
Batting: SHB Noah Martone 0-0: Ball
1-0: Swinging Strike
1-1: Swinging Strike
1-2: Ball
2-2: Foul Ball, location: 2F
2-2: Strikes out swinging, 2-3 out at first.
Batting: RHB Yao-qing Huang 0-0: Ball
1-0: Ball
2-0: Ball
3-0: Called Strike
3-1: Fly out, F7 (Flyball, 7S)
Top of the 2nd over - 0 runs, 0 hits, 0 errors, 0 left on base; South Beach 0 - Galesburg 1
BOTTOM OF THE 2ND
Galesburg Guzzlers batting - Pitching for South Beach Blaze : RHP Tony Sánchez
Batting: RHB Fook Zhào 0-0: Called Strike
0-1: Swinging Strike
0-2: Ball
1-2: Ball
2-2: Ball
3-2: SINGLE (Line Drive, 7LS)
Batting: LHB Jared Swanson 0-0: Called Strike
0-1: Ball
1-1: Called Strike
1-2: Ball
2-2: Ball
3-2: Strikes out swinging
Batting: RHB Daniel Carr 0-0: Ball
1-0: DOUBLE (Groundball, 5L)
Fook Zhào to third
Batting: RHB Manny Diéguez 0-0: Foul Ball, location: 2F
0-1: Swinging Strike
0-2: Ball
1-2: Ball
2-2: Strikes out swinging
Batting: RHB Don Pokorski 0-0: Called Strike
0-1: Foul Ball, location: 2F
0-2: Ball
1-2: Foul Ball, location: 2F
1-2: Foul Ball, location: 2F
1-2: Strikes out swinging
Bottom of the 2nd over - 0 runs, 2 hits, 0 errors, 2 left on base; South Beach 0 - Galesburg 1
TOP OF THE 3RD
South Beach Blaze batting - Pitching for Galesburg Guzzlers : RHP Bartolo Morales
Batting: RHB Mark Patterson 0-0: Ball
1-0: Ball
2-0: SOLO HOME RUN (Flyball, 89XD), Distance : 408 ft
Batting: SHB Jason Graham 0-0: Ball
1-0: Swinging Strike
1-1: Ball
2-1: Foul Ball, location: 2F
2-2: Foul Ball, location: 2F
2-2: Ground out U3 (Groundball, 3)
Batting: RHB Barry Chambers 0-0: Foul Ball, location: 2F
0-1: Ground out 6-3 (Groundball, 6)
Batting: LHB Lewis Blankenship 0-0: Ball
1-0: Bunt for hit - play at first, batter safe!
Batting: RHB Kenny DeWitt 0-0: Ball
1-0: Ball
2-0: Called Strike
2-1: Called Strike
2-2: Strikes out swinging passed ball, reaches first!
Lewis Blankenship to second
Batting: RHB Ryoichi Yoshida 0-0: Called Strike
0-1: Swinging Strike
0-2: Ball
1-2: Foul Ball, location: 2F
1-2: Strikes out swinging
Top of the 3rd over - 1 run, 2 hits, 0 errors, 2 left on base; South Beach 1 - Galesburg 1
BOTTOM OF THE 3RD
Galesburg Guzzlers batting - Pitching for South Beach Blaze : RHP Tony Sánchez
Batting: SHB Dan Gunther 0-0: Ball
1-0: Ball
2-0: SINGLE (Line Drive, 4MD)
Batting: RHB Blaze Alexander 0-0: Ball
1-0: SINGLE (Flyball, 89S)
Dan Gunther to second
Batting: RHB Bastiaan Pieterse 0-0: Called Strike
0-1: Ball
1-1: Ball
2-1: Swinging Strike
2-2: DOUBLE (Line Drive, 8LXD)
Dan Gunther scores
Blaze Alexander to third
Runner from 3rd tries for Home, SAFE, no throw
Batting: LHB Henk van Aardschot 0-0: Ball
1-0: Ground out U3 (Groundball, 3)
Bastiaan Pieterse to third
Batting: RHB Fook Zhào 0-0: Ball
1-0: Swinging Strike
1-1: Ball
2-1: Ball
3-1: Base on Balls
Batting: LHB Jared Swanson 0-0: Ball
1-0: Ball
2-0: Fly out, F7 (Flyball, 7LM)
Runner from 3rd tags up, SCORES, throw made
Batting: RHB Daniel Carr 0-0: Swinging Strike
0-1: Swinging Strike
0-2: Strikes out swinging
Bottom of the 3rd over - 3 runs, 3 hits, 0 errors, 1 left on base; South Beach 1 - Galesburg 4
TOP OF THE 4TH
South Beach Blaze batting - Pitching for Galesburg Guzzlers : RHP Bartolo Morales
Batting: RHB Rubén Vásquez 0-0: Hit by Pitch
Batting: SHB Noah Martone 0-0: Ball
1-0: Ball
2-0: Foul Ball, location: 2F
2-1: Called Strike
2-2: Strikes out swinging
Batting: RHB Yao-qing Huang 0-0: Called Strike
0-1: Foul Ball, location: 2F
0-2: Ball
1-2: Foul Ball, location: 2F
1-2: Ball
2-2: Foul Ball, location: 2F
2-2: DOUBLE (Line Drive, 7LM)
Rubén Vásquez to third
Runner from 3rd tries for Home, SAFE, no throw
Batting: RHB Mark Patterson 0-0: Swinging Strike
0-1: SINGLE (Line Drive, 8LS)
Yao-qing Huang to third
Batting: SHB Jason Graham 0-0: Ball
1-0: Called Strike
1-1: Foul Ball, location: 2F
1-2: Ball
2-2: Foul Ball, location: 2F
2-2: Ball
3-2: Foul Ball, location: 2F
3-2: Strikes out swinging
Batting: RHB Barry Chambers 0-0: Called Strike
0-1: Foul Ball, location: 2F
0-2: Ball
1-2: Fly out, F7 (Flyball, 78D)
Top of the 4th over - 1 run, 2 hits, 0 errors, 2 left on base; South Beach 2 - Galesburg 4
BOTTOM OF THE 4TH
Galesburg Guzzlers batting - Pitching for South Beach Blaze : RHP Tony Sánchez
Batting: RHB Manny Diéguez 0-0: Ball
1-0: Called Strike
1-1: Ball
2-1: Ground out 6-3 (Groundball, 6)
Batting: RHB Don Pokorski 0-0: Swinging Strike
0-1: Foul Ball, location: 2F
0-2: Ball
1-2: Foul Ball, location: 2F
1-2: Strikes out swinging
Batting: SHB Dan Gunther 0-0: Ground out 4-3 (Groundball, 4M)
Bottom of the 4th over - 0 runs, 0 hits, 0 errors, 0 left on base; South Beach 2 - Galesburg 4
TOP OF THE 5TH
South Beach Blaze batting - Pitching for Galesburg Guzzlers : RHP Bartolo Morales
Batting: LHB Lewis Blankenship 0-0: Ball
1-0: Ball
2-0: Ball
3-0: Base on Balls
Batting: RHB Kenny DeWitt 0-0: Ball
1-0: 2-RUN HOME RUN (Flyball, 9LD), Distance : 358 ft
Batting: RHB Ryoichi Yoshida 0-0: SINGLE (Line Drive, 78M)
Batting: RHB Rubén Vásquez 0-0: Ball
1-0: Called Strike
1-1: Ball
2-1: Ball
3-1: Foul Ball, location: 2F
3-2: Foul Ball, location: 2F
3-2: Base on Balls
Ryoichi Yoshida to second
Pitching: LHP Steve Wortley
Batting: SHB Noah Martone 0-0: Ball
1-0: Called Strike
1-1: Ball
2-1: Ball
3-1: Bunted foul
3-2: Strikes out looking
Batting: RHB Yao-qing Huang 0-0: Ball
1-0: Ball
2-0: Fly out, F8 (Flyball, 8LM)
Batting: RHB Mark Patterson 0-0: Called Strike
0-1: Ball
1-1: Ball
2-1: Ball
3-1: Foul Ball, location: 2F
3-2: Base on Balls
Ryoichi Yoshida to third
Rubén Vásquez to second
Batting: SHB Jason Graham 0-0: Called Strike
0-1: Swinging Strike
0-2: Strikes out swinging
Top of the 5th over - 2 runs, 2 hits, 0 errors, 3 left on base; South Beach 4 - Galesburg 4
BOTTOM OF THE 5TH
Galesburg Guzzlers batting - Pitching for South Beach Blaze : RHP Tony Sánchez
Batting: RHB Blaze Alexander 0-0: Foul Ball, location: 2F
0-1: Fly out, F6 (Popup, 6)
Batting: RHB Bastiaan Pieterse 0-0: Foul Ball, location: 2F
0-1: DOUBLE (Line Drive, 78XD)
Batting: LHB Henk van Aardschot 0-0: Ball
1-0: Ground out 4-3 (Groundball, 34)
Bastiaan Pieterse to third
Batting: RHB Fook Zhào 0-0: Intentional Walk
Batting: LHB Jared Swanson 0-0: Swinging Strike
0-1: Swinging Strike
0-2: Ball
1-2: Ball
2-2: Strikes out swinging
Bottom of the 5th over - 0 runs, 1 hit, 0 errors, 2 left on base; South Beach 4 - Galesburg 4
TOP OF THE 6TH
South Beach Blaze batting - Pitching for Galesburg Guzzlers : LHP Steve Wortley
Batting: RHB Barry Chambers 0-0: Ball
1-0: Swinging Strike
1-1: Ball
2-1: Ground out 3-1 (Groundball, 34)
Batting: LHB Lewis Blankenship 0-0: Called Strike
0-1: Ball
1-1: Foul Ball, location: 2F
1-2: Foul Ball, location: 2F
1-2: Ball
2-2: Strikes out swinging
Batting: RHB Kenny DeWitt 0-0: Ground out 1-3 (Groundball, 15S)
Top of the 6th over - 0 runs, 0 hits, 0 errors, 0 left on base; South Beach 4 - Galesburg 4
BOTTOM OF THE 6TH
Galesburg Guzzlers batting - Pitching for South Beach Blaze : RHP Tony Sánchez
Pitching: RHP Wessel Rosas
Batting: RHB Daniel Carr 0-0: Bunt for hit - play at first, batter OUT! 1-3
Batting: RHB Manny Diéguez 0-0: Called Strike
0-1: Swinging Strike
0-2: Ball
1-2: Strikes out swinging
Batting: RHB Don Pokorski 0-0: Ball
1-0: Foul Ball, location: 2F
1-1: Swinging Strike
1-2: Ball
2-2: Strikes out swinging
Bottom of the 6th over - 0 runs, 0 hits, 0 errors, 0 left on base; South Beach 4 - Galesburg 4
TOP OF THE 7TH
South Beach Blaze batting - Pitching for Galesburg Guzzlers : LHP Steve Wortley
Batting: RHB Ryoichi Yoshida 0-0: Ground out U3 (Groundball, 3L)
Batting: RHB Rubén Vásquez 0-0: Called Strike
0-1: Swinging Strike
0-2: Ball
1-2: Foul Ball, location: 2F
1-2: Ball
2-2: Ball
3-2: SOLO HOME RUN (Flyball, 7LD), Distance : 349 ft
Batting: SHB Noah Martone 0-0: Called Strike
0-1: SOLO HOME RUN (Flyball, 7LD), Distance : 376 ft
Batting: RHB Yao-qing Huang 0-0: Called Strike
0-1: Foul Ball, location: 2F
0-2: Foul Ball, location: 2F
0-2: Foul Ball, location: 2F
0-2: Strikes out swinging
Batting: RHB Mark Patterson 0-0: Ball
1-0: Ground out 6-3 (Groundball, 56)
Top of the 7th over - 2 runs, 2 hits, 0 errors, 0 left on base; South Beach 6 - Galesburg 4
BOTTOM OF THE 7TH
Galesburg Guzzlers batting - Pitching for South Beach Blaze : RHP Wessel Rosas
Batting: SHB Dan Gunther 0-0: Ball
1-0: Called Strike
1-1: Foul Ball, location: 2F
1-2: Ball
2-2: Ball
3-2: Foul Ball, location: 2F
3-2: Base on Balls
Batting: RHB Blaze Alexander 0-0: Ball
1-0: Called Strike
1-1: Called Strike
1-2: Fly out, F9 (Line Drive, 9)
Batting: RHB Bastiaan Pieterse 0-0: Ball
1-0: Foul Ball, location: 2F
1-1: SINGLE (Groundball, 6MD)
Dan Gunther to second
Runner from 2nd tries for 3rd, SAFE, no throw
Batting: LHB Henk van Aardschot 0-0: Ball
1-0: Swinging Strike
1-1: Swinging Strike
1-2: DOUBLE (Line Drive, 78D)
Dan Gunther scores
Bastiaan Pieterse to third
Runner from 3rd tries for Home, SAFE, no throw
Batting: RHB Fook Zhào 0-0: Intentional Walk
Pitching: LHP António Osorio
Pinch Hitting: RHB Karl Wade 0-0: Ball
1-0: Fly out, F4 (Popup, 4MD)
Batting: RHB Daniel Carr 0-0: Ball
1-0: Foul Ball, location: 2F
1-1: Ground out 3-1 (Groundball, 34)
Bottom of the 7th over - 2 runs, 2 hits, 0 errors, 2 left on base; South Beach 6 - Galesburg 6
TOP OF THE 8TH
South Beach Blaze batting - Pitching for Galesburg Guzzlers : LHP Steve Wortley
Now in RF: Jack Stidston
Batting: SHB Jason Graham 0-0: Ball
1-0: Ball
2-0: Called Strike
2-1: Ground out 5-3 (Groundball, 56S)
Batting: RHB Barry Chambers 0-0: Called Strike
0-1: Foul Ball, location: 2F
0-2: Strikes out looking
Batting: LHB Lewis Blankenship 0-0: Swinging Strike
0-1: Ball
1-1: Called Strike
1-2: Foul Ball, location: 2F
1-2: Ground out 6-3 (Groundball, 6)
Top of the 8th over - 0 runs, 0 hits, 0 errors, 0 left on base; South Beach 6 - Galesburg 6
BOTTOM OF THE 8TH
Galesburg Guzzlers batting - Pitching for South Beach Blaze : LHP António Osorio
Batting: RHB Manny Diéguez 0-0: Swinging Strike
0-1: Foul Ball, location: 2F
0-2: Strikes out swinging
Pinch Hitting: RHB Gianni Martin 0-0: Ball
1-0: Fly out, F8 (Flyball, 8RM)
Batting: SHB Dan Gunther 0-0: Ball
1-0: Ball
2-0: Called Strike
2-1: DOUBLE (Line Drive, 7LD)
Batting: RHB Blaze Alexander 0-0: Called Strike
0-1: Foul Ball, location: 2F
0-2: Hit by Pitch
Batting: RHB Bastiaan Pieterse 0-0: Called Strike
0-1: Ball
1-1: Ball
2-1: Foul Ball, location: 2F
2-2: Ball
3-2: Strikes out swinging
Bottom of the 8th over - 0 runs, 1 hit, 0 errors, 2 left on base; South Beach 6 - Galesburg 6
TOP OF THE 9TH
South Beach Blaze batting - Pitching for Galesburg Guzzlers : LHP Steve Wortley
Pitching: RHP Mark Zaugg
Now in LF: Andre González
Batting: RHB Kenny DeWitt 0-0: Called Strike
0-1: SINGLE (Groundball, 34D)
Batting: RHB Ryoichi Yoshida 0-0: Ball
1-0: Grounds into double play, 5-4-3 (Groundball, 56)
Batting: RHB Rubén Vásquez 0-0: Ball
1-0: Swinging Strike
1-1: Ball
2-1: Called Strike
2-2: Strikes out swinging
Top of the 9th over - 0 runs, 1 hit, 0 errors, 0 left on base; South Beach 6 - Galesburg 6
BOTTOM OF THE 9TH
Galesburg Guzzlers batting - Pitching for South Beach Blaze : LHP António Osorio
Batting: LHB Henk van Aardschot 0-0: Ball
1-0: Ball
2-0: Ground out 3-1 (Groundball, 34)
Batting: RHB Fook Zhào 0-0: Ball
1-0: Ball
2-0: Ball
3-0: Base on Balls
Batting: RHB Jack Stidston 0-0: Fly out, F8 (Line Drive, 8LM)
Batting: RHB Daniel Carr 0-0: Ball
1-0: Foul Ball, location: 2F
1-1: Ball
2-1: Foul Ball, location: 2F
2-2: Foul Ball, location: 2F
2-2: Ball
3-2: Foul Ball, location: 2F
3-2: Strikes out swinging
Bottom of the 9th over - 0 runs, 0 hits, 0 errors, 1 left on base; South Beach 6 - Galesburg 6
TOP OF THE 10TH
South Beach Blaze batting - Pitching for Galesburg Guzzlers : RHP Mark Zaugg
Batting: SHB Noah Martone 0-0: Foul Ball, location: 2F
0-1: Ball
1-1: Called Strike
1-2: Strikes out looking
Pinch Hitting: LHB Ricardo Elías 0-0: Swinging Strike
0-1: Called Strike
0-2: Foul Ball, location: 2F
0-2: Ball
1-2: SINGLE (Groundball, 34D)
Batting: RHB Mark Patterson 0-0: Ball
1-0: Ball
2-0: Ball
3-0: Base on Balls
Ricardo Elías to second
Batting: SHB Jason Graham 0-0: Ball
1-0: Ball
2-0: Called Strike
2-1: Fly out, F9 (Flyball, 9S)
Batting: RHB Barry Chambers 0-0: Ball
1-0: Ball
2-0: Called Strike
2-1: Foul Ball, location: 2F
2-2: Foul Ball, location: 2F
2-2: Ball
3-2: SINGLE (Line Drive, 8LS)
Ricardo Elías to third
Mark Patterson to second
Ricardo Elías scores
Mark Patterson to third
Batting: LHB Lewis Blankenship 0-0: Ball
1-0: Ball
2-0: Ball
3-0: Called Strike
3-1: Base on Balls
Barry Chambers to second
Batting: RHB Kenny DeWitt 0-0: Ball
1-0: Foul Ball, location: 2F
1-1: Fly out, F9 (Line Drive, 9D)
Top of the 10th over - 1 run, 2 hits, 0 errors, 3 left on base; South Beach 7 - Galesburg 6
BOTTOM OF THE 10TH
Galesburg Guzzlers batting - Pitching for South Beach Blaze : LHP António Osorio
Now in RF: Ricardo Elías
Batting: RHB Manny Diéguez 0-0: Called Strike
0-1: Ground out 5-3 (Groundball, 56S)
Pinch Hitting: RHB Pacu Martic 0-0: SINGLE (Groundball, 34D)
Batting: SHB Dan Gunther 0-0: Ball
1-0: Ball
2-0: Called Strike
2-1: Ball
3-1: SINGLE (Line Drive, 9S)
Pacu Martic to second
Pinch Runner at 2nd Júlio Barajas:
Batting: RHB Blaze Alexander 0-0: Ball
1-0: Called Strike
1-1: Ball
2-1: SINGLE (Groundball, 56S) (infield hit)
Júlio Barajas to third
Dan Gunther to second
Batting: RHB Bastiaan Pieterse 0-0: SINGLE (Line Drive, 5D)
Júlio Barajas scores
Dan Gunther to third
Blaze Alexander to second
Batting: LHB Henk van Aardschot 0-0: Called Strike
0-1: Called Strike
0-2: Ball
1-2: Strikes out looking
Pitching: RHP Carlos Cardoso
Batting: RHB Fook Zhào 0-0: Ball
1-0: Foul Ball, location: 2F
1-1: Ball
2-1: Called Strike
2-2: Strikes out swinging
Bottom of the 10th over - 1 run, 4 hits, 0 errors, 3 left on base; South Beach 7 - Galesburg 7
TOP OF THE 11TH
South Beach Blaze batting - Pitching for Galesburg Guzzlers : RHP Mark Zaugg
Now in LF: Abiram Wahine
Batting: RHB Ryoichi Yoshida 0-0: Ground out 6-3 (Groundball, 56D)
Batting: RHB Rubén Vásquez 0-0: Foul Ball, location: 2F
0-1: Ball
1-1: Foul Ball, location: 2F
1-2: Strikes out swinging
Batting: SHB Noah Martone 0-0: Foul Ball, location: 2F
0-1: Called Strike
0-2: Ball
1-2: Ball
2-2: Foul Ball, location: 2F
2-2: SINGLE (Line Drive, 56D)
Batting: LHB Ricardo Elías 0-0: Ball
1-0: Ball
2-0: SINGLE (Line Drive, 8RS)
Noah Martone to second
Runner from 2nd tries for 3rd, SAFE, no throw
Batting: RHB Mark Patterson 0-0: Called Strike
0-1: Ball
1-1: SINGLE (Flyball, 9S)
Noah Martone scores
Ricardo Elías to second
Runner from 2nd tries for 3rd, SAFE, no throw
Batting: SHB Jason Graham 0-0: Called Strike
0-1: Ball
1-1: Ball
2-1: Ball
3-1: Called Strike
3-2: Base on Balls
Mark Patterson to second
Pitching: LHP Pedro Merced
Batting: RHB Barry Chambers 0-0: Called Strike
0-1: Ball
1-1: Ground out 3-1 (Groundball, 34)
Top of the 11th over - 1 run, 3 hits, 0 errors, 3 left on base; South Beach 8 - Galesburg 7
BOTTOM OF THE 11TH
Galesburg Guzzlers batting - Pitching for South Beach Blaze : RHP Carlos Cardoso
Batting: RHB Jack Stidston 0-0: Ball
1-0: Ball
2-0: Foul Ball, location: 2F
2-1: Ground out 4-3 (Groundball, 4M)
Batting: RHB Daniel Carr 0-0: Called Strike
0-1: Swinging Strike
0-2: Ball
1-2: Foul Ball, location: 2F
1-2: Ball
2-2: Foul Ball, location: 2F
2-2: Ball
3-2: Foul Ball, location: 2F
3-2: Hit by Pitch
Batting: RHB Manny Diéguez 0-0: Called Strike
0-1: Ball
1-1: Fielders Choice at 2nd, 5-4 (Groundball, 56)
Batting: LHB Abiram Wahine 0-0: Called Strike
0-1: Swinging Strike
0-2: Strikes out looking
Bottom of the 11th over - 0 runs, 0 hits, 0 errors, 1 left on base; South Beach 8 - Galesburg 7
Wednesday, September 19th, 2018 - OOTP Baseball 18.8 Build 76